 Dungeon Crawl Stone Soup version 0.29-a0-330-g52719c12eb (webtiles) character file.

Game seed: 18241116011853893311

137169 tilp the Cruncher (level 16, -10/154 HPs)
             Began as a Green Draconian Hedge Wizard on May 20, 2022.
             Was the Champion of Sif Muna.
             Mangled by a white very ugly thing (15 damage)
             ... in an ice cave.
             The game lasted 01:29:50 (31925 turns).

tilp the Cruncher (Green Draconian Hedge Wizard)   Turns: 31925, Time: 01:29:51

Health: -10/154    AC: 26    Str: 15    XL:     16   Next: 68%
Magic:  29/29      EV: 16    Int: 21    God:    Sif Muna [******]
Gold:   2328       SH:  0    Dex: 12    Spells: 13/33 levels left

rFire   . . .      SeeInvis .   a - +6 lajatang (vorpal)
rCold   + . .      Faith    .   (shield currently unavailable)
rNeg    . . .      Spirit   .   (body armour unavailable)
rPois   +          Reflect  .   G - +4 hat of Mutualism {Str+2}
rElec   .          Harm     .   M - +2 cloak
rCorr   +          Rampage  .   t - +2 pair of gloves of Paranoia {rCorr}
Will    +....                   y - +2 pair of boots {Fly}
Stlth   ++++......              w - amulet of Vitality {Regen+ HP+15}
HPRegen 1.15/turn               O - +4 ring of protection
MPRegen 0.21/turn               V - ring of protection from cold

@: flying
A: breathe noxious fumes, AC +9, unfitting armour, stinger 1, poison resistance,
cold-blooded
a: Breathe Noxious Fumes, Renounce Religion, Channel Magic, Forget Spell, Divine
Exegesis


You were in an ice cave.
You worshipped Sif Muna.
Sif Muna was exalted by your worship.
You visited 6 branches of the dungeon, and saw 27 of its levels.
You also visited: Sewer, Bailey, Gauntlet and Ice Cave.

You collected 4203 gold pieces.
You spent 1875 gold pieces at shops.

Inventory:

Hand Weapons
 a - a +6 vorpal lajatang (weapon)
Missiles
 o - 2 throwing nets
 I - 33 boomerangs (quivered)
 K - 5 silver boomerangs
Armour
 t - the +2 pair of gloves of Paranoia (worn) {rCorr}
   (You found it in a Gauntlet)

   rCorr:     It protects you from acid and corrosion.
 y - a +2 pair of boots of flying (worn)
 G - the +4 hat of Mutualism (worn) {Str+2}
   (You acquired it in a bailey)

   Str:       It affects your strength (+2).
 M - a +2 cloak (worn)
Jewellery
 w - the amulet of Vitality (around neck) {Regen+ HP+15}
   (You bought it in a shop on level 2 of the Orcish Mines)

   [amulet of regeneration]

   HP:        It affects your health (+15).
   Regen:     It increases your rate of health regeneration.
 x - a ring of willpower
 O - a +4 ring of protection (left hand)
 P - a +4 ring of slaying
 V - a ring of protection from cold (right hand)
Wands
 e - a wand of flame (48)
 r - a wand of charming (2)
 B - a wand of polymorph (14)
 R - a wand of digging (16)
 U - a wand of mindburst (20)
 W - a wand of paralysis (18)
Scrolls
 i - 2 scrolls of silence
 l - a scroll of blinking
 p - 19 scrolls of teleportation
 C - a scroll of holy word
 D - a scroll of torment
 H - 3 scrolls of fog
 Q - 3 scrolls of vulnerability
 S - 6 scrolls of fear
 T - 5 scrolls of immolation
Potions
 c - 5 potions of magic
 f - 5 potions of lignification
 g - 4 potions of attraction
 j - 3 potions of berserk rage
 k - 3 potions of cancellation
 m - 4 potions of haste
 q - 6 potions of might
 s - 4 potions of brilliance
 E - 4 potions of ambrosia
 L - a potion of invisibility
 N - 9 potions of curing
 X - 4 potions of heal wounds
Miscellaneous
 Y - a phantom mirror
 Z - a tin of tremorstones (2/2)


   Skills:
 - Level 12.0 Fighting
 - Level 1.2(9.1) Maces & Flails
 - Level 13.9(14.0) Staves
 - Level 6.0 Throwing
 - Level 10.0 Dodging
 + Level 8.0 Stealth
 - Level 9.0 Spellcasting
 + Level 8.0 Conjurations
 - Level 6.0 Hexes
 - Level 1.0 Summonings
 - Level 4.0 Translocations
 - Level 2.0 Transmutations
 - Level 4.0 Fire Magic
 - Level 2.0 Air Magic
 - Level 12.0 Poison Magic
 + Level 8.4 Invocations
 + Level 7.9 Evocations


You had 13 spell levels left.
You knew the following spells:

 Your Spells              Type           Power      Damage    Failure   Level
a - Ignite Poison         Fire/Tmut/Pois 34%        N/A       1%          3
b - Slow                  Hex            100%       N/A       1%          1
c - Blink                 Tloc           52%        N/A       1%          2
d - Mephitic Cloud        Conj/Pois/Air  40%        N/A       1%          3
e - Poisonous Vapours     Pois/Air       76%        N/A       1%          2
f - Olgreb's Toxic Radia  Pois           56%        N/A       1%          4
g - Tukima's Dance        Hex            34%        N/A       1%          3
h - Ensorcelled Hibernat  Hex/Ice        44%        N/A       3%          2

Your spell library contained the following spells:

 Spells                   Type           Power      Damage    Failure   Level
 Apportation              Tloc           52%        N/A       1%          1
 Foxfire                  Conj/Fire      100%       2x1d9     1%          1
 Magic Dart               Conj           100%       1d8       1%          1
 Shock                    Conj/Air       100%       1d9       1%          1
 Sting                    Tmut/Pois      100%       1d8       1%          1
 Searing Ray              Conj           86%        2d7       1%          2
 Conjure Flame            Conj/Fire      34%        6-21      1%          3
 Portal Projectile        Hex/Tloc       60%        N/A       2%          3
 Wereblood                Tmut           17%        N/A       4%          2
 Gell's Gravitas          Tloc           26%        N/A       4%          3
 Cause Fear               Hex            17%        N/A       6%          4
 Iskenderun's Mystic Bla  Conj/Tloc      34%        2d8       6%          4
 Call Imp                 Summ           13%        N/A       7%          2
 Swiftness                Air            17%        N/A       10%         3
 Sublimation of Blood     Necr           9%         N/A       11%         2
 Alistair's Intoxication  Tmut/Pois      25%        N/A       11%         5
 Call Canine Familiar     Summ           13%        N/A       14%         3
 Passage of Golubria      Tloc           26%        N/A       14%         4
 Anguish                  Hex/Necr       11%        N/A       21%         4
 Leda's Liquefaction      Hex/Erth       11%        N/A       21%         4
 Summon Lightning Spire   Summ/Air       15%        N/A       36%         4
 Silence                  Hex/Air        13%        N/A       36%         5
 Ice Form                 Ice/Tmut       13%        N/A       43%         4
 Summon Mana Viper        Hex/Summ       24%        N/A       43%         5
 Freezing Cloud           Conj/Ice/Air   11%        6-21      45%         5
 Summon Ice Beast         Ice/Summ       11%        N/A       50%         4
 Blade Hands              Tmut           8%         N/A       65%         5
 Conjure Ball Lightning   Conj/Air       15%        3x3d6     80%         6
 Borgnjor's Vile Clutch   Necr/Erth      4%         N/A       89%         5
 Iron Shot                Conj/Erth      13%        9d3       91%         6
 Orb of Destruction       Conj           21%        9d8       91%         7
 Enfeeble                 Hex            17%        N/A       99%         7
 Simulacrum               Ice/Necr       4%         N/A       100%        6
 Dragon Form              Tmut           8%         N/A       100%        7
 Monstrous Menagerie      Summ           6%         N/A       100%        7
 Spellforged Servitor     Conj/Summ      14%        N/A       100%        7
 Summon Hydra             Summ           6%         N/A       100%        7
 Necromutation            Tmut/Necr      6%         N/A       100%        8
 Fire Storm               Conj/Fire      17%        8d4       100%        9
 Polar Vortex             Ice            4%         N/A       100%        9
 Animate Armour           Summ/Erth      Unusable   N/A       N/A         4

Dungeon Overview and Level Annotations

Branches:
Dungeon (15/15)            Temple (1/1) D:7            Lair (6/6) D:8
  Swamp (2/4) Lair:4        Snake (1/4) Lair:4        Slime (0/5) Lair:5
    Orc (2/2) D:9             Elf (0/3) Orc:2        Vaults (0/5) D:14
 Depths (0/4) D:15          Sewer (visited)          Bailey (visited)
  IceCv (1/1)             Gauntlet (visited)

Altars:
Ashenzari
Cheibriados
Dithmenos
Elyvilon
Fedhas
Gozag
Hepliaklqana
Kikubaaqudgha
Makhleb
Nemelex Xobeh
Okawaru
Qazlal
Ru
Sif Muna
Trog
Uskayaw
Vehumet
Wu Jian
Xom
Yredelemnul
Zin
The Shining One
Beogh

Shops:
D:2 *   D:12 **   Orc:2 ?(*=[

Annotations:
Swamp:1 Roxanne


Innate Abilities, Weirdness & Mutations

You can breathe blasts of noxious fumes.
Your lurid green scales are hard. (AC +9)
You cannot fit into any form of body armour.
Your tail ends in a venomous barb.
Your system is resistant to poisons. (rPois)
You are cold-blooded and may be slowed by cold attacks.


Message History

The lindwurm simulacrum barely misses you.
The lindwurm simulacrum misses you.
You slash the white very ugly thing!
Your tail-slap misses the white very ugly thing.
The white very ugly thing is moderately wounded.
The dire elephant simulacrum tramples you but does no damage.
The dire elephant simulacrum completely misses you.
Unknown command.
You slice the white very ugly thing!!
The white very ugly thing is heavily wounded.
The dire elephant simulacrum tramples you!
* * * LOW HITPOINT WARNING * * *
You hold your ground!
The dire elephant simulacrum closely misses you.
The lindwurm simulacrum misses you. x2
The lindwurm simulacrum closely misses you.
The white very ugly thing is engulfed in freezing vapours.
The white very ugly thing engulfs you!
* * * LOW HITPOINT WARNING * * *
The white very ugly thing freezes you! You resist.
* * * LOW HITPOINT WARNING * * *
You feel much better.
The dire elephant simulacrum tramples you!
* * * LOW HITPOINT WARNING * * *
You hold your ground!
The dire elephant simulacrum barely misses you.
The dire elephant simulacrum tramples you.
* * * LOW HITPOINT WARNING * * *
You hold your ground!
The dire elephant simulacrum completely misses you.
The lindwurm simulacrum barely misses you.
The lindwurm simulacrum claws you.
* * * LOW HITPOINT WARNING * * *
The lindwurm simulacrum freezes you. You resist.
* * * LOW HITPOINT WARNING * * *
The lindwurm simulacrum barely misses you.
The white very ugly thing engulfs you!
* * * LOW HITPOINT WARNING * * *
The white very ugly thing freezes you! You resist.
You die...

...###
......#
.......##
........##
.8.......#
.........#
$......∩∩#
.......ZZ#
.8....ZZ@#
......Zu##
.......##
......#
...### ###


You could see a white very ugly thing, 3 dire elephant simulacra, a lindwurm
simulacrum and an ettin simulacrum.

Vanquished Creatures
  Gastronok (D:10)
  3 orc warlords
  A bunyip (Swamp:1)
  2 dire elephants (Lair:6)
  A minotaur (Gauntlet)
  An ettin (Orc:2)
  A green death (Gauntlet)
  The ghost of initializr the Zephyrmancer, a journeyman DsEE of Vehumet (D:12)
  Josephine (D:15)
  A quicksilver dragon skeleton (D:15)
  Fannar (Lair:3)
  Erolcha (D:10)
  5 boulder beetles
  An anaconda (Snake:1)
  8 hydras
  A catoblepas (D:13)
  Erica (Orc:1)
  The ghost of Rawr the Cleaver, a novice DDGl of Okawaru (D:11)
  20 death yaks
  8 two-headed ogres
  2 death scarabs (Gauntlet)
  4 centaur warriors
  A death knight (D:14)
  A tengu warrior (D:15)
  Urug (Orc:2)
  An orc high priest (Orc:2)
  2 naga sharpshooters (Snake:1)
  A storm dragon zombie (D:15)
  14 skeletal warriors
  A spectral anaconda (Lair:6)
  3 swamp dragons
  An obsidian statue (Lair:6)
  A spriggan druid (Swamp:1)
  Pikel (D:4)
  2 bog bodies
  5 necromancers
  3 phantasmal warriors
  3 orc knights (Orc:2)
  A wolf spider zombie (D:13)
  A wizard (D:14)
  A deep elf pyromancer (D:9)
  A lindwurm (Lair:6)
  A mana viper (Lair:6)
  5 ugly things
  3 orc sorcerers
  4 cyclopes
  A wolf spider (D:15)
  3 manticores
  3 oklob plants (Lair:5)
  Maurice (D:8)
  A will-o-the-wisp (Swamp:2)
  An ice statue (Swamp:2)
  7 centaur zombies (D:13)
  11 elephants (Lair:6)
  8 black mambas
  Joseph (D:7)
  A stone giant skeleton (D:15)
  2 gargoyles
  10 cane toads
  A dire elephant skeleton (Lair:6)
  6 freezing wraiths
  A redback zombie (D:13)
  2 minotaur zombies (Gauntlet)
  A guardian mummy (D:14)
  An unseen horror (D:11)
  Psyche (D:8)
  2 efreet (D:14)
  4 komodo dragons
  8 rime drakes
  3 tengu conjurers
  2 kobold demonologists (D:14)
  A golden dragon simulacrum (IceCv)
  A queen bee (Lair:5)
  11 meliai (Lair:5)
  2 polar bears
  5 trolls
  A hornet (Swamp:1)
  13 slime creatures
  Prince Ribbit (D:7)
  24 blink frogs
  2 tyrant leeches
  3 meliai zombies (D:13)
  7 dream sheep (Lair:6)
  An ettin zombie (D:15)
  A centaur simulacrum (D:14)
  Sigmund (D:4)
  5 wraiths
  4 shadows
  2 vampires
  6 basilisks
  2 spriggans (Swamp:1)
  A spectral komodo dragon (Gauntlet)
  41 yaks
  9 wyverns
  3 steam dragons
  13 vampire mosquitoes
  2 harpy simulacra (IceCv)
  7 wargs
  An acid dragon (D:8)
  2 nagas (Snake:1)
  3 swamp worms
  An acid dragon (shapeshifter) (D:14)
  2 spectral cane toads
  19 water moccasins
  Duvessa (D:4)
  6 small abominations (Gauntlet)
  42 orc warriors
  A swamp drake (Lair:6)
  A sky beast (D:7)
  2 black bears
  11 wolves
  2 hornet zombies (D:13)
  8 ogres
  A boggart (D:9)
  8 centaurs
  An elephant skeleton (Lair:6)
  9 kobold brigands
  Blork the orc (D:4)
  9 bullfrogs
  A gnoll sergeant (D:8)
  A scorpion (D:7)
  A cane toad simulacrum (Lair:6)
  A necrophage (D:3)
  8 wights
  Dowan (D:4)
  34 killer bees
  9 electric eels
  2 vampire bats (D:15)
  2 howler monkeys
  3 hounds
  A jelly (D:7)
  34 orc priests
  Natasha (thrice) (D:4)
  An iguana (D:4)
  34 orc wizards
  Robin (D:2)
  9 gnolls
  2 river rats (D:5)
  10 adders
  A white imp (D:6)
  An ufetubus (D:4)
  2 worms (Sewer)
  2 dart slugs
  91 orcs
  13 ball pythons
  4 bat skeletons (D:15)
  2 bat zombies (D:15)
  9 endoplasms
  2 giant cockroaches
  21 goblins
  10 hobgoblins
  8 jackals
  37 kobolds
  4 quokkas
  7 bats
  2 frilled lizards
  7 rats
887 creatures vanquished.

Vanquished Creatures (collateral kills)
  A hobgoblin (Bailey)
1 creature vanquished.

Vanquished Creatures (others)
  A spriggan (shapeshifter) (D:9)
  A bush (Lair:6)
  23 demonic plants (Gauntlet)
  39 fungi
  24 plants
  17 withered plants
105 creatures vanquished.

Grand Total: 993 creatures vanquished

Notes
Turn   | Place    | Note
-------+----------+-------------------------------------------
     0 | D:1      | tilp the Draconian Hedge Wizard began the quest for the
                  | Orb.
     0 | D:1      | Reached XP level 1. HP: 14/14 MP: 4/4
   379 | D:1      | Reached skill level 1 in Fighting
   442 | D:1      | Reached XP level 2. HP: 23/23 MP: 0/6
  1561 | D:2      | Reached XP level 3. HP: 29/29 MP: 3/7
  1562 | D:2      | Noticed Robin
  1669 | D:1      | Learned a level 1 spell: Slow
  1672 | D:1      | Learned a level 2 spell: Blink
  2067 | D:2      | Found a shimmering altar of Xom.
  2140 | D:2      | Reached XP level 4. HP: 38/38 MP: 2/8
  2236 | D:2      | Killed Robin
  2627 | D:2      | Found Uli Oca's General Store.
  2636 | D:2      | Bought a scroll of identify for 28 gold pieces
  2639 | D:2      | Identified a scroll of acquirement
  2800 | D:3      | Noticed an ogre
  2909 | D:3      | Noticed a necrophage
  2927 | D:3      | Killed a necrophage
  2928 | D:3      | Reached XP level 5. HP: 40/46 MP: 5/9
  3053 | D:3      | HP: 2/46 [poisoned by a goblin]
  4014 | D:4      | Reached skill level 1 in Throwing
  4015 | D:4      | Noticed Duvessa
  4015 | D:4      | Noticed Dowan
  4029 | D:3      | Reached skill level 1 in Hexes
  4029 | D:3      | Reached XP level 6. HP: 44/52 MP: 10/10
  4124 | D:4      | Noticed Sigmund
  4124 | D:4      | Noticed Blork the orc
  4290 | D:4      | Killed Sigmund
  4338 | D:4      | Killed Duvessa
  4339 | D:4      | Your scales start taking on a lurid green colour.
  4339 | D:4      | Reached XP level 7. HP: 60/60 MP: 11/11
  4339 | D:4      | Gained mutation: Your system is resistant to poisons.
                  | (rPois) [Green Draconian growth]
  4348 | D:4      | Killed Dowan
  4520 | D:4      | Killed Blork the orc
  4605 | D:4      | Noticed Natasha
  4614 | D:4      | Killed Natasha
  4773 | D:4      | Noticed Natasha
  4774 | D:4      | Noticed Pikel
  4785 | D:4      | Killed Pikel
  4786 | D:4      | Reached skill level 5 in Fighting
  4786 | D:4      | Reached XP level 8. HP: 60/68 MP: 12/12
  4791 | D:4      | Killed Natasha
  4873 | D:4      | Noticed Natasha
  4879 | D:4      | Killed Natasha
  5032 | D:4      | Learned a level 3 spell: Mephitic Cloud
  5035 | D:4      | Learned a level 2 spell: Poisonous Vapours
  5044 | D:5      | Entered Level 5 of the Dungeon
  5068 | D:5      | Reached skill level 1 in Poison Magic
  5198 | D:5      | Found a glowing drain.
  5237 | Sewer    | Entered a sewer
  5750 | Sewer    | Reached skill level 5 in Poison Magic
  5880 | D:5      | Reached XP level 9. HP: 65/74 MP: 13/13
  5904 | D:5      | Found the +1 Delatra's gloves {ID++}
  6169 | D:5      | Reached skill level 1 in Air Magic
  6635 | D:6      | Identified the +5 hunting sling of the Bespelling Gods
                  | {flame, rElec Str+4 Int-2 Dex+2}
  7112 | D:7      | Found a flagged portal.
  7148 | Bailey   | Entered a bailey
  7157 | Bailey   | Noticed an orc warlord
  7217 | Bailey   | Noticed an orc knight
  7289 | Bailey   | Found a runed translucent gate.
  7290 | Bailey   | Found a runed translucent gate.
  7291 | Bailey   | Found a runed translucent gate.
  7490 | Bailey   | Killed an orc warlord
  7566 | Bailey   | Acquired 959 gold pieces
  7569 | Bailey   | Acquired 752 gold pieces
  7571 | Bailey   | Acquired the +4 hat of Mutualism {Str+2}
  7714 | D:7      | Reached XP level 10. HP: 81/82 MP: 12/16
  7719 | D:7      | Noticed Joseph
  7833 | D:7      | Identified the +1 chain mail of Egalitarianism {rElec rF+
                  | Int-4}
  8130 | D:7      | Learned a level 4 spell: Olgreb's Toxic Radiance
  8150 | D:7      | Noticed Prince Ribbit
  8164 | D:7      | Killed Prince Ribbit
  8274 | D:7      | Found a staircase to the Ecumenical Temple.
  8283 | Temple   | Entered the Ecumenical Temple
  8424 | Temple   | Became a worshipper of Sif Muna the Loreminder
  8760 | D:8      | Noticed Psyche
  8773 | D:8      | Killed Psyche
  8865 | D:8      | Found a staircase to the Lair.
  9294 | D:8      | Found a bloodstained altar of Trog.
  9330 | D:8      | Reached skill level 5 in Dodging
  9346 | D:8      | Reached skill level 5 in Spellcasting
  9656 | D:8      | Noticed Maurice
  9746 | D:8      | Killed Maurice
  9812 | D:9      | Noticed a white ugly thing
  9881 | D:9      | Reached * piety under Sif Muna
 10054 | D:9      | Reached skill level 5 in Throwing
 10317 | D:9      | Found a staircase to the Orcish Mines.
 10330 | D:9      | Noticed a deep elf pyromancer
 10625 | D:9      | Killed a deep elf pyromancer
 10781 | D:10     | Entered Level 10 of the Dungeon
 10834 | D:10     | Reached XP level 11. HP: 72/93 MP: 18/18
 11028 | D:10     | Noticed Gastronok
 11223 | D:10     | Noticed Erolcha
 11715 | D:9      | Killed a white ugly thing
 11782 | D:9      | Reached ** piety under Sif Muna
 12130 | D:11     | Reached skill level 10 in Poison Magic
 12157 | D:11     | Reached skill level 1 in Invocations
 12245 | D:11     | Reached skill level 1 in Evocations
 12323 | D:11     | Noticed a skeletal warrior
 12323 | D:11     | Noticed a skeletal warrior
 12323 | D:11     | Noticed a skeletal warrior
 12394 | Lair:1   | Entered Level 1 of the Lair of Beasts
 13286 | D:2      | Bought a scroll of fog for 28 gold pieces
 13286 | D:2      | Bought a scroll of immolation for 49 gold pieces
 13898 | Lair:2   | Reached skill level 1 in Maces & Flails
 14486 | Lair:3   | Noticed a death yak
 14486 | Lair:3   | Noticed a death yak
 14486 | Lair:3   | Noticed a death yak
 14486 | Lair:3   | Noticed a death yak
 14487 | Lair:3   | Noticed a death yak
 14487 | Lair:3   | Noticed a death yak
 14511 | Lair:3   | Killed a death yak
 14512 | Lair:3   | Reached skill level 1 in Staves
 14592 | Lair:3   | Killed a death yak
 14593 | Lair:3   | Reached XP level 12. HP: 100/103 MP: 4/20
 14594 | Lair:3   | Killed a death yak
 14595 | Lair:3   | Reached skill level 2 in Staves
 14597 | Lair:3   | Killed a death yak
 14599 | Lair:3   | Killed a death yak
 14822 | Lair:3   | Reached *** piety under Sif Muna
 14940 | Lair:3   | Reached skill level 3 in Staves
 15114 | Lair:3   | Reached skill level 4 in Staves
 15117 | Lair:3   | Found the +8 whip "Snakebite" {venom, curare, rPois}
 15222 | Lair:3   | Killed a death yak
 15227 | Lair:3   | Reached skill level 5 in Staves
 15382 | Lair:3   | Noticed Fannar
 15403 | Lair:3   | Noticed Sonja
 16022 | Lair:4   | Found a staircase to the Swamp.
 16038 | Lair:4   | Reached **** piety under Sif Muna
 16252 | Lair:4   | Found a staircase to the Snake Pit.
 16640 | Lair:5   | Found a snail-covered altar of Cheibriados.
 16657 | Lair:5   | Reached skill level 6 in Staves
 16675 | Lair:5   | Found a gate leading to a gauntlet.
 16722 | Gauntlet | Entered a Gauntlet
 16722 | Gauntlet | Found a transporter.
 16722 | Gauntlet | Found a transporter.
 16727 | Gauntlet | Found a transporter.
 16742 | Gauntlet | Found a transporter.
 16754 | Gauntlet | Noticed a death scarab
 16754 | Gauntlet | Noticed a death scarab
 16758 | Gauntlet | Found a transporter.
 16770 | Gauntlet | Found a transporter.
 16783 | Gauntlet | Noticed a green death
 16786 | Gauntlet | Found a transporter.
 16857 | Gauntlet | Found a transporter.
 16867 | Gauntlet | Found a transporter.
 16875 | Gauntlet | Noticed a reaper
 16887 | Gauntlet | Found a transporter.
 16894 | Gauntlet | Found a transporter.
 16896 | Gauntlet | Found a large runed translucent door.
 16896 | Gauntlet | Found a large runed translucent door.
 16897 | Gauntlet | Found a large runed translucent door.
 16897 | Gauntlet | Found a large runed translucent door.
 16898 | Gauntlet | Found a large runed translucent door.
 16898 | Gauntlet | Found a large runed translucent door.
 16898 | Gauntlet | Found a runed translucent door.
 16898 | Gauntlet | Found a runed translucent door.
 16898 | Gauntlet | Found a large runed translucent door.
 16899 | Gauntlet | Found a large runed translucent door.
 16904 | Gauntlet | Found a large runed translucent door.
 16904 | Gauntlet | Found a large runed translucent door.
 16905 | Gauntlet | Found a large runed translucent door.
 16905 | Gauntlet | Found a large runed translucent door.
 16906 | Gauntlet | Found a large runed translucent door.
 16906 | Gauntlet | Found a large runed translucent door.
 16906 | Gauntlet | Found a large runed translucent door.
 16969 | Gauntlet | Found a transporter.
 16978 | Gauntlet | Noticed a balrug
 16979 | Gauntlet | Found a transporter.
 16985 | Gauntlet | Found a large runed translucent door.
 16987 | Gauntlet | Noticed a hell hog
 16988 | Gauntlet | Found a transporter.
 16989 | Gauntlet | Found a runed translucent gate.
 16990 | Gauntlet | Found a transporter.
 16991 | Gauntlet | Found a runed translucent gate.
 16991 | Gauntlet | Found a runed translucent gate.
 17024 | Gauntlet | Found a transporter.
 17146 | Gauntlet | Reached XP level 13. HP: 109/113 MP: 16/23
 17226 | Gauntlet | Reached skill level 10 in Fighting
 17232 | Gauntlet | Identified the +2 pair of gloves of Paranoia {rCorr}
 17345 | Gauntlet | Killed a green death
 17346 | Gauntlet | Reached skill level 7 in Staves
 17355 | Gauntlet | Identified the ring of Panentheism {rF+ SInv}
 17375 | Gauntlet | Identified the +7 great mace of Resumed Hostilities {elec,
                  | rElec Will- Str+4 Stlth+}
 17375 | Gauntlet | Noticed a minotaur
 17382 | Gauntlet | Killed a minotaur
 17538 | Lair:5   | Found an ornate altar of the Wu Jian Council.
 17538 | Lair:5   | Found a hide-covered altar of Uskayaw.
 17546 | Lair:5   | Reached skill level 8 in Staves
 17771 | Lair:5   | Found a staircase to the Slime Pits.
 17878 | Lair:5   | Reached skill level 9 in Staves
 17938 | Lair:5   | Reached skill level 10 in Staves
 17946 | Lair:5   | Reached ***** piety under Sif Muna
 18168 | Lair:5   | Received a gift from Sif Muna
 18169 | Lair:5   | Got Sif Muna's Almanac of Enchantment {god gift}
 18203 | Lair:5   | Reached skill level 11 in Staves
 18635 | Lair:5   | Reached skill level 12 in Staves
 18906 | Lair:5   | Learned a level 3 spell: Tukima's Dance
 18909 | Lair:5   | Learned a level 2 spell: Ensorcelled Hibernation
 18928 | Lair:6   | Entered Level 6 of the Lair of Beasts
 18946 | Lair:6   | Gained mutation: Your tail ends in a venomous barb. [Green
                  | Draconian growth]
 18946 | Lair:6   | Reached XP level 14. HP: 106/121 MP: 13/24
 19203 | Lair:6   | Reached skill level 13 in Staves
 19629 | Lair:6   | Noticed Nessos
 20743 | Lair:6   | Reached skill level 5 in Invocations
 20747 | Lair:6   | Received a gift from Sif Muna
 20759 | Lair:6   | Got Sif Muna's Disquisition on Supportive Moulding {god
                  | gift}
 20764 | Lair:6   | Learned a level 3 spell: Ignite Poison
 21298 | D:7      | Killed Joseph
 21453 | D:10     | Killed Gastronok
 21454 | D:10     | Reached skill level 5 in Stealth
 21454 | D:10     | Reached skill level 1 in Fire Magic
 21581 | D:10     | Killed Erolcha
 22050 | D:11     | Reached skill level 1 in Transmutations
 22050 | D:11     | Reached skill level 5 in Evocations
 22059 | D:11     | Reached skill level 5 in Hexes
 22155 | D:11     | Reached XP level 15. HP: 128/128 MP: 26/26
 22225 | D:11     | Noticed Rawr's ghost (novice DDGl)
 22226 | D:11     | Found a transporter.
 22229 | D:11     | Found a transporter.
 22612 | D:12     | Found a runed translucent gate.
 22612 | D:12     | Found a runed translucent gate.
 22613 | D:12     | Found a runed translucent gate.
 22834 | D:12     | Found Buqekut's Specific Store.
 22836 | D:12     | Found Vudyam's General Store.
 22840 | D:12     | Bought 4 curare-tipped darts for 36 gold pieces
 23531 | D:12     | Noticed initializr's ghost (journeyman DsEE)
 23743 | Lair:3   | Noticed Sonja
 23743 | Lair:3   | Sonja changed into Sonja the swamp dragon
 23752 | Lair:3   | Killed Sonja the swamp dragon
 23774 | Lair:3   | Killed Fannar
 23930 | Orc:1    | Entered Level 1 of the Orcish Mines
 24141 | Orc:2    | Entered Level 2 of the Orcish Mines
 24144 | Orc:2    | Noticed an orc warlord
 24162 | Orc:2    | Killed an orc warlord
 24171 | Orc:2    | Received a gift from Sif Muna
 24237 | Orc:2    | Found Nicvocw's Magic Scroll Boutique.
 24312 | Orc:2    | Got Sif Muna's Handbook of Earth and the Blaze {god gift}
 24527 | Orc:2    | Noticed an orc warlord
 24538 | Orc:2    | Killed an orc warlord
 24732 | Orc:2    | Noticed Urug
 24738 | Orc:2    | Killed Urug
 24745 | Orc:2    | Found Yssifrunn's Jewellery Boutique.
 24752 | Orc:2    | Found Viuxt's Antique Weapon Boutique.
 24806 | Orc:2    | Received a gift from Sif Muna
 24895 | Orc:2    | Found a staircase to the Elven Halls.
 24911 | Orc:2    | Got Sif Muna's Guide on Spatial Feathers {god gift}
 24998 | Orc:2    | Found Umeota Wait's General Store.
 25005 | Orc:2    | Bought a potion of curing for 39 gold pieces
 25121 | Orc:2    | Found Dyiczus's Antique Armour Boutique.
 25127 | Orc:2    | Bought a pair of runed boots for 135 gold pieces
 25201 | Orc:2    | Bought a scroll of magic mapping for 45 gold pieces
 25201 | Orc:2    | Bought a scroll of enchant armour for 97 gold pieces
 25201 | Orc:2    | Bought a scroll of teleportation for 39 gold pieces
 25201 | Orc:2    | Bought a scroll of silence for 97 gold pieces
 25241 | Orc:2    | Bought the amulet of Vitality {Regen+ HP+15} for 1185 gold
                  | pieces
 25241 | Orc:2    | Found the amulet of Vitality {Regen+ HP+15}
 25356 | D:12     | Bought a scroll of teleportation for 45 gold pieces
 25356 | D:12     | Bought a scroll of immolation for 52 gold pieces
 25427 | Orc:1    | Noticed Erica
 25438 | Orc:1    | Killed Erica
 26125 | Lair:6   | Noticed Nessos
 26125 | Lair:6   | Nessos changed into Nessos the mana viper
 26130 | Lair:6   | Killed Nessos the mana viper
 26789 | D:11     | Killed Rawr's ghost
 27316 | D:12     | Found Buqekut's Specific Store.
 27318 | D:12     | Found Vudyam's General Store.
 27384 | D:12     | Killed initializr's ghost
 28387 | D:13     | Reached XP level 16. HP: 137/137 MP: 28/28
 28526 | D:13     | Found a basalt altar of Yredelemnul.
 28654 | D:13     | Identified the ring of Tato Gyc {Fly Str+4}
 28982 | D:14     | Received a gift from Sif Muna
 29026 | D:14     | Got Roavupe's Reference Book on Conjuration and Malediction
                  | {god gift}
 29389 | D:14     | Found a gate to the Vaults.
 29871 | D:15     | Entered Level 15 of the Dungeon
 29962 | D:15     | Reached ****** piety under Sif Muna
 30132 | D:15     | Noticed Josephine
 30146 | D:15     | Killed Josephine
 30469 | D:15     | Found a staircase to the Depths.
 30716 | D:15     | Found an ancient bone altar of Kikubaaqudgha.
 31055 | Snake:1  | Entered Level 1 of the Snake Pit
 31248 | Swamp:1  | Entered Level 1 of the Swamp
 31282 | Swamp:1  | Reached skill level 10 in Dodging
 31506 | Swamp:1  | Noticed Roxanne
 31882 | Swamp:2  | Found a frozen archway.
 31907 | IceCv    | Entered an ice cave
 31925 | IceCv    | HP: 5/154 [white very ugly thing (16)]
 31925 | IceCv    | Mangled by a white very ugly thing

Illustrated notes

Levels and vault maps discovered:
D:1:      sevenhm_arrival_forest_fort_large_2, layout_basic,
          minmay_misc_feat_pillars, minivault_19
D:2:      layout_basic, basic_altar, serial_shops, nicolae_lakefront_shop,
          minmay_misc_feat_four_crosses, kennysheep_boxes, uniq_robin
D:3:      layout_basic, kennysheep_small_spiral, chequers_serial_rivers_small_b,
          patterned_corridor
D:4:      layout_loops_cross, uniq_pikel, uniq_sigmund, uniq_duvessa,
          uniq_natasha, uniq_blork_the_orc
D:5:      layout_rooms, portal_sewer_entry_b, pf_guarded_unrand_delatra
D:6:      layout_basic
D:7:      layout_gridville, lemuel_temple_firewalk_a, enter_bailey_5,
          uniq_joseph, uniq_prince_ribbit1
D:8:      layout_basic, mainiacjoe_overflow_alcove_1, lair_entry_dummy,
          uniq_maurice, uniq_psyche
D:9:      minmay_diamond_stairs, layout_loops_ring, orc_0_dummy,
          minmay_misc_feat_alley, chequers_serial_rivers_micro_d
D:10:     layout_basic, uniq_erolcha, uniq_gastronok
D:11:     lemuel_flame_loot_2, layout_basic, gammafunk_ghost_smash
D:12:     layout_loops_ring, gammafunk_ghost_spectres, hangedman_decor_points,
          nicolae_specific_store, kennysheep_generic_room_14
D:13:     layout_basic, nicolae_yredelemnul_corpse_copse
D:14:     layout_rooms, david_vaults_1, hex_medium
D:15:     gammafunk_depths_entry_grave, layout_irregular_city,
          kennysheep_vampire_church, uniq_josephine
Temple:   kilobyte_greek_temple
Lair:1:   layout_chaotic_city, serial_bayou_ford_a, bh_autumn_forest_stairs
Lair:2:   layout_chaotic_city
Lair:3:   minmay_guarded_unrand_snakebite, layout_regular_city, uniq_fannar,
          uniq_sonja
Lair:4:   layout_long_grid, skrybe_swamp_entry_bodies, dummy_snake_entry
Lair:5:   regret_index_combs_of_tragedy, layout_long_grid,
          minmay_slime_entry_oklob_open, basic_altar, gauntlet_entry_generic,
          nzn_masters_of_martial_movement, infiniplex_staircase_pool
Lair:6:   due_jungle_book, layout_regular_city, pond, uniq_nessos
Swamp:1:  layout_falls_marsh, evilmike_swamp_ruin_rubble_1, swamp_pool3,
          uniq_roxanne
Swamp:2:  layout_basic_swamp, portal_ice_cave_entry_ice_statue_one,
          evilmike_swamp_ruin_house_5, uniq_donald
Snake:1:  layout_onion
Orc:1:    layout_diamond_mine, nicolae_orc_sculptors_studio,
          minmay_orc_temple_a, uniq_erica
Orc:2:    grunt_orc_cross, layout_caves, serial_shops, nicolae_shop_crystal,
          mines_bat_river
IceCv:    ice_cave_statue_garden_transporter

Skill      XL: |  1  2  3  4  5  6  7  8  9 10 11 12 13 14 15 16 |
---------------+-------------------------------------------------+-----
Fighting       | 1 2 3 4 5 6 7 8 9 10 11 12 | 12.0
Stealth        | 2 3 4 5 6 8 |  8.0
Dodging        | 2 3 4 5 6 7 8 9 10 | 10.0
Conjurations   | 2 6 7 8 |  8.0
Throwing       | 1 2 3 5 6 |  6.0
Translocations | 2 3 4 |  4.0
Hexes          | 1 2 3 4 5 6 |  6.0
Poison Magic   | 6 7 8 10 11 12 | 12.0
Air Magic      | 2 |  2.0
Spellcasting   | 4 5 6 7 8 9 |  9.0
Invocations    | 4 5 6 8 |  8.4
Evocations     | 4 5 6 7 |  7.9
Maces & Flails | 1 |  1.2
Staves         | 1 6 12 13 | 13.9
Fire Magic     | 1 4 |  4.0
Transmutations | 1 2 |  2.0
Summonings     | |  1.0

Action                   |  1- 3 |  4- 6 |  7- 9 | 10-12 | 13-15 | 16-18 || total
-------------------------+-------+-------+-------+-------+-------+-------++-------
Melee: Dagger            |     1 |       |       |       |       |       ||     1
       Short sword       |    48 |    25 |    65 |    19 |       |       ||   157
       Tailslap          |     1 |    11 |    58 |   102 |   217 |   100 ||   489
       Whip              |       |    93 |   324 |   537 |       |       ||   954
       Punch             |       |       |     8 |     9 |       |       ||    17
       Quarterstaff      |       |       |       |   180 |   861 |       ||  1041
       Lajatang          |       |       |       |       |   171 |   395 ||   566
Throw: Stone             |     3 |     1 |       |       |       |       ||     4
 Cast: Magic Dart        |    90 |    10 |    22 |     6 |     1 |       ||   129
       Slow              |     1 |     1 |     7 |    16 |     6 |     1 ||    32
       Poisonous Vapours |       |       |     4 |    39 |     8 |       ||    51
       Mephitic Cloud    |       |       |     1 |     1 |     1 |       ||     3
       Olgreb's Toxic Ra |       |       |       |    43 |    96 |    13 ||   152
       Tukima's Dance    |       |       |       |       |     6 |     1 ||     7
       Ensorcelled Hiber |       |       |       |       |     1 |       ||     1
       Ignite Poison     |       |       |       |       |    23 |    11 ||    34
       Blink             |       |       |       |       |     1 |       ||     1
Invok: Channel Magic     |       |       |       |       |     2 |       ||     2
 Abil: Breathe Noxious F |       |       |     6 |    19 |     5 |       ||    30
Evoke: Wand              |       |       |     4 |     4 |     3 |       ||    11
       Tin of tremorston |       |       |       |       |     2 |       ||     2
       Phantom mirror    |       |       |       |       |     1 |       ||     1
  Use: Scroll            |     2 |     6 |     7 |    15 |    15 |     2 ||    47
       Potion            |       |     2 |       |     1 |     3 |     1 ||     7
 Stab: Sleeping          |       |     7 |     2 |     6 |     6 |     5 ||    26
       Confused          |       |       |     2 |    10 |     2 |       ||    14
Armor: Skin              |    17 |    62 |   145 |   413 |   480 |   276 ||  1393
Dodge: Dodged            |    35 |    64 |   249 |   578 |   551 |   330 ||  1807

Table legend: (Time is in decaauts)
 A = Elapsed time spent in this place.
 B = Non-inter-level travel time spent in this place.
 C = Inter-level travel time spent in this place.
 D = Time resting spent in this place.
 E = Time spent auto-exploring this place.
 F = Levels seen in this place.
 G = Mean time per level.
                   A        B        C        D        E       F      G
               +--------+--------+--------+--------+--------+-----+--------+
         Total |  31856 |  28403 |   3453 |   2185 |  19624 |  31 | 1027.6 |
       Dungeon |  18282 |  16381 |   1901 |   1261 |  11563 |  15 | 1218.8 |
        Temple |    171 |    141 |     30 |      0 |    129 |   1 |  171.0 |
          Lair |   9069 |   7761 |   1308 |    767 |   5375 |   6 | 1511.5 |
         Swamp |    654 |    629 |     25 |     84 |    404 |   2 |  327.0 |
     Snake Pit |     46 |     38 |      8 |      0 |     13 |   1 |   46.0 |
  Orcish Mines |   1865 |   1687 |    178 |      0 |   1226 |   2 |  932.5 |
         Sewer |    583 |    583 |      0 |      0 |    372 |   1 |  583.0 |
        Bailey |    465 |    465 |      0 |      0 |    232 |   1 |  465.0 |
      Ice Cave |     13 |     13 |      0 |      0 |      0 |   1 |   13.0 |
      Gauntlet |    705 |    705 |      0 |     73 |    308 |   1 |  705.0 |
               +--------+--------+--------+--------+--------+-----+--------+

Top non-repeatable levels by time:
  Lair:6: 2234 daAuts
    D:12: 2052 daAuts
  Lair:5: 1855 daAuts
     D:3: 1639 daAuts
    D:11: 1547 daAuts
    D:10: 1512 daAuts
  Lair:3: 1466 daAuts
     D:1: 1445 daAuts
  Lair:2: 1267 daAuts
     D:8: 1261 daAuts
     D:2: 1261 daAuts
     D:9: 1181 daAuts
   Orc:2: 1141 daAuts
    D:14: 1133 daAuts
  Lair:1: 1132 daAuts
